 Dungeon Crawl Stone Soup version 0.27-a0-34-gc18c9092ac (webtiles) character file.

Game seed: 1334518601823328910

93601 runemasterragnar the Thrower (level 15, -4/153 HPs)
             Began as a Troll Monk on Jan 5, 2021.
             Was the Champion of Ru.
             Hit by a javelin thrown by a merfolk javelineer (20 damage)
             ... on level 1 of the Shoals.
             The game lasted 01:23:13 (26427 turns).

runemasterragnar the Thrower (Troll Monk)          Turns: 26427, Time: 01:23:14

Health: -4/153     AC: 15    Str: 22    XL:     15   Next: 61%
Magic:  12/12      EV: 32    Int: 14    God:    Ru [******]
Gold:   402        SH:  0    Dex: 16    Spells: 11/14 levels left

rFire    + . .     SeeInvis +   C - +8 whip "Snakebite" {curare, rPois}
rCold    + + +     Faith    .   (no shield)
rNeg     + . .     Spirit   .   F - +0 acid dragon scales
rPois    +         Reflect  .   (helmet restricted)
rElec    +         Harm     .   q - +1 cloak "Seihomes" {Int+2}
rCorr    +         Rampage  .   (gloves unavailable)
Will     +....                  (boots unavailable)
Stlth    ..........             L - amulet of Apimotux {Acrobat rPois rC+ Int+2 SInv}
HPRegen  0.75/turn              o - ring of Lanlom {rElec rF+ rN+ Dex+4}
MPRegen  0.13/turn              z - ring of flight

@: about to teleport, acrobat, flying
A: large, unfitting armour, claws 3, cold resistance 2, low mp 1, regeneration
1, shaggy fur 1, tough skin 3, weak 1, wild magic 1, no stealth, hated by all,
no air magic, no necromancy magic, no transmutations magic, inexperienced 1
a: Stop Flying, Renounce Religion, Draw Out Power, Power Leap, Apocalypse


You were on level 1 of the Shoals.
You worshipped Ru.
Ru was exalted by your worship.
You visited 6 branches of the dungeon, and saw 26 of its levels.
You also visited: Ice Cave.

You collected 2144 gold pieces.
You spent 1742 gold pieces at shops.

Inventory:

Hand Weapons
 s - the +5 hand axe "Monosmas" {vorpal, rC+}
   (You found it on level 11 of the Dungeon)

   It inflicts extra damage upon your enemies.
   It protects you from cold.
 C - the +8 whip "Snakebite" (weapon) {curare, rPois}
   (You found it on level 5 of the Lair of Beasts)

   It poisons the flesh of those it strikes.
   It protects you from poison.
 H - a +2 scimitar of flaming
 K - a +1 dire flail of protection
 O - a +1 giant spiked club of freezing
Missiles
 c - 23 boomerangs
 d - 3 throwing nets
 n - 45 poisoned darts
 p - 12 atropa-tipped darts
 A - 3 javelins
 B - 10 large rocks (quivered)
Armour
 q - the +1 cloak "Seihomes" (worn) {Int+2}
   (You found it on level 4 of the Lair of Beasts)

   It affects your intelligence (+2).
 F - +0 acid dragon scales (worn)
Jewellery
 a - an uncursed ring of willpower
 h - an uncursed amulet of magic regeneration
 o - the ring of Lanlom (left claw) {rElec rF+ rN+ Dex+4}
   (You bought it in a shop on level 14 of the Dungeon)

   [ring of protection from fire]

   It affects your dexterity (+4).
   It protects you from fire.
   It insulates you from electricity.
   It protects you from negative energy.
 t - an uncursed ring of fire
 z - a ring of flight (right claw)
 L - the amulet of Apimotux (around neck) {Acrobat rPois rC+ Int+2 SInv}
   (You bought it in a shop on level 14 of the Dungeon)

   [amulet of the acrobat]

   It helps you evade while moving and waiting.
   It affects your intelligence (+2).
   It protects you from cold.
   It protects you from poison.
   It lets you see invisible.
Wands
 w - a wand of flame (29)
 x - a wand of digging (7)
 E - a wand of polymorph (19)
Scrolls
 b - 2 scrolls of enchant armour
 i - 3 scrolls of amnesia
 j - 10 scrolls of remove curse
 m - 6 scrolls of identify
 r - a scroll of blinking
 u - a scroll of immolation
 v - 2 scrolls of teleportation
Potions
 e - 2 potions of resistance
 f - 8 potions of mutation
 g - 3 potions of curing
 k - a potion of flight
 l - 11 potions of ambrosia
 D - a potion of magic
 J - 3 potions of brilliance


   Skills:
 + Level 11.1 Fighting
 + Level 11.0 Maces & Flails
 + Level 11.7 Throwing
 + Level 10.8 Armour
 + Level 11.1 Dodging
 - Level 9.0 Unarmed Combat


You had 11 spell levels left.
You knew the following spells:

 Your Spells              Type           Power        Failure   Level
a - Apportation           Tloc           0%           43%         1
b - Animate Skeleton      Necr           0%           43%         1
c - Corona                Hex            0%           43%         1

Your spell library contained the following spells:

 Spells                   Type           Power        Failure   Level
 Foxfire                  Conj/Fire      0%           43%         1
 Conjure Flame            Conj/Fire      0%           78%         3
 Inner Flame              Hex/Fire       0%           78%         3
 Sticky Flame             Conj/Fire      0%           99%         4
 Fireball                 Conj/Fire      0%           100%        5
 Shock                    Conj/Air       Unusable     N/A         1
 Summon Small Mammal      Summ           Unusable     N/A         1
 Swiftness                Air            Unusable     N/A         2
 Static Discharge         Conj/Air       Unusable     N/A         3
 Airstrike                Air            Unusable     N/A         4
 Lightning Bolt           Conj/Air       Unusable     N/A         5

Dungeon Overview and Level Annotations

Branches:
Dungeon (15/15)            Temple (1/1) D:7            Lair (5/6) D:11
 Shoals (2/4) Lair:3       Spider (0/4) Lair:2          Orc (2/2) D:10
    Elf (0/3) Orc:2        Vaults (0/5) D:14         Depths (1/5) D:15
  IceCv (visited)
  Slime: Lair:5-6

Altars:
Ashenzari
Cheibriados
Dithmenos
Elyvilon
Fedhas
Gozag
Hepliaklqana
Kikubaaqudgha
Makhleb
Nemelex Xobeh
Okawaru
Qazlal
Ru
Sif Muna
Trog
Uskayaw
Vehumet
Wu Jian
Xom
Yredelemnul
Zin
The Shining One
Lugonu

Shops:
D:4 *   D:8 *   D:9 =   D:14 =   D:15 [   Orc:1 *   Depths:1 }

Portals:
Abyss: Lair:5

Annotations:
Lair:1 exclusion: oklob plant


Innate Abilities, Weirdness & Mutations

You are too large for most types of armour.
You have claws for hands.
Your magical capacity is low. (-10% MP)
Your natural rate of healing is unusually fast.
You are covered in fur. (AC +1)
You have extremely tough skin. (AC +3)
You are weak. (Str -2)
You cannot be stealthy.
You are hated by all.
You cannot study or cast Air magic.
You cannot study or cast Necromancy magic.
You cannot study or cast Transmutations magic.
You are somewhat inexperienced. (-2 XL)
Your flesh is very cold resistant. (rC++)
Your spells are a little harder to cast, but a little more powerful.


Message History

The javelin misses you.
Unknown command.
You whack the merfolk aquamancer!
The merfolk aquamancer looks as sick as possible! x2
The merfolk aquamancer convulses.
The merfolk aquamancer seems to be slow for longer.
The merfolk aquamancer is almost dead.
Unknown command.
You whack the merfolk aquamancer!
You kill the merfolk aquamancer!
You hear a splash. x2
The merfolk javelineer throws a javelin.
The javelin pierces through you!
* * * LOW HITPOINT WARNING * * *
Your Maces & Flails skill increases to level 11!
The merfolk javelineer throws a javelin.
The javelin completely misses you.
The merfolk javelineer throws a javelin.
The javelin pierces through you!!
You die...

≈≈≈≈≈≈......†.......≈≈≈≈..PP≈≈
≈≈≈....#.............≈..≈.≈..≈
≈≈....^............)....≈≈≈≈≈≈
≈≈...≈...............≈≈≈≈≈≈≈≈≈
..................).≈≈≈≈≈≈≈≈≈≈
.....#######........≈≈≈≈≈≈≈≈≈≈
..>### ≈###...((≈≈≈≈≈≈≈≈≈≈≈
#### ≈≈≈##....≈≈≈≈≈≈≈≈≈≈≈
≈≈≈##@..≈≈≈≈≈≈≈≈≈≈≈ #≈≈
#≈≈.P≈≈≈≈≈≈≈≈≈≈ #m≈
#≈≈.≈≈≈≈≈≈≈≈≈≈≈ #≈≈
#≈).P≈≈≈≈≈≈≈≈≈
#≈≈##..≈≈≈≈≈≈≈≈≈≈ ##
#≈m'm..≈≈≈≈≈≈≈≈≈ .#
#≈≈##.≈≈≈≈≈≈≈≈≈≈ .# #≈≈
#≈≈≈≈≈≈≈≈≈≈≈≈ ## #≈≈
#≈≈≈≈≈≈≈≈≈≈≈≈≈


You could see a merfolk javelineer.

Vanquished Creatures
  A reaper (IceCv)
  A stone giant (Depths:1)
  A merfolk impaler (Shoals:1)
  An ogre mage (D:14)
  8 hydras
  2 boulder beetles
  Harold (D:10)
  5 centaur warriors
  A catoblepas (Lair:4)
  4 merfolk aquamancers
  9 two-headed ogres
  2 death yaks (Lair:4)
  2 tengu warriors
  A deep troll earth mage (Depths:1)
  Nergalle (Lair:4)
  4 deep trolls (Depths:1)
  A sea snake (Shoals:2)
  6 skeletal warriors
  2 unseen horrors
  A phantasmal warrior (D:15)
  Pikel (D:9)
  A wolf spider zombie (D:15)
  5 harpies (Shoals:2)
  An orc knight (D:15)
  3 cyclopes
  A necromancer (D:15)
  An orb spider (Lair:2)
  17 ugly things
  A frost giant zombie (D:15)
  An orc sorcerer (Orc:1)
  3 manticores
  A frost giant skeleton (D:15)
  4 merfolk sirens
  14 elephants
  A water nymph (Shoals:1)
  2 ice statues (IceCv)
  5 black mambas
  3 orange demons (D:10)
  3 gargoyles
  5 cane toads
  A rime drake (Lair:2)
  Maggie (D:7)
  9 ice devils (IceCv)
  An efreet (D:13)
  A komodo dragon (shapeshifter) (D:13)
  8 komodo dragons
  3 kobold demonologists (D:14)
  7 yaktaurs
  2 tengu conjurers
  2 red devils (D:10)
  4 trolls
  A polar bear (Lair:3)
  3 meliai (Lair:4)
  A queen bee (Lair:4)
  8 merfolk
  3 slime creatures (D:15)
  29 blink frogs
  2 snapping turtles (Shoals:1)
  5 dream sheep (Lair:3)
  A wind drake (Shoals:2)
  3 wraiths (D:15)
  A shadow (D:15)
  8 water elementals
  3 wyverns
  3 basilisks
  2 steam dragons
  47 yaks
  2 vampire mosquitoes (D:15)
  2 soldier ants
  2 acid dragons
  A human zombie (D:15)
  21 water moccasins
  18 orc warriors
  Duvessa (D:4)
  7 black bears
  2 eyes of draining
  4 phantoms
  2 necrophages
  9 ogres
  5 sky beasts
  18 wolves
  8 ice beasts
  3 boggarts (D:11)
  23 centaurs
  A big kobold (D:14)
  Dowan (D:4)
  16 bullfrogs
  A wyvern zombie (D:12)
  2 wyvern skeletons
  2 scorpions
  A tengu zombie (D:15)
  5 wights (D:7)
  33 killer bees
  6 howler monkeys (D:14)
  A bullfrog zombie (D:10)
  2 centaur zombies
  A quasit (D:8)
  12 orc priests
  11 centaur skeletons
  A gnoll shaman (D:5)
  8 hounds
  3 jellies
  10 worker ants
  2 iguanas
  9 orc wizards
  4 hell rats (Lair:5)
  2 hound zombies
  5 gnolls (D:5)
  21 adders
  4 shadow imps
  18 white imps
  10 ufetubi
  2 adder skeletons
  A worm (shapeshifter) (D:14)
  2 worms (D:3)
  2 dart slugs (D:2)
  5 leopard geckos
  37 orcs
  4 giant cockroaches
  6 goblins
  12 hobgoblins
  4 jackals
  11 kobolds
  6 quokkas
  7 bats
  8 frilled lizards
  3 leopard gecko skeletons
  2 quokka skeletons
  7 rats
725 creatures vanquished.

Vanquished Creatures (others)
  A hydra (Lair:1)
  A cyclops (D:13)
  An elephant (Lair:5)
  An orange demon (D:10)
  A troll (D:15)
  3 yaks
  2 water elementals (Shoals:1)
  3 wolves
  2 centaurs (D:14)
  A hound (D:14)
  4 white imps (IceCv)
  4 ufetubi (IceCv)
  An orc (Orc:2)
  A bush (Lair:4)
  49 fungi
  2 lurking horrors (Lair:5)
  81 plants
  4 tentacles (Shoals:2)
  8 withered plants (D:15)
170 creatures vanquished.

Grand Total: 895 creatures vanquished

Notes
Turn   | Place    | Note
-------+----------+-------------------------------------------
     0 | D:1      | runemasterragnar the Troll Monk began the quest for the
                  | Orb.
     0 | D:1      | Reached XP level 1. HP: 22/22 MP: 0/0
   161 | D:1      | Reached XP level 2. HP: 29/29 MP: 1/1
   558 | D:1      | Reached XP level 3. HP: 32/36 MP: 2/2
   876 | D:2      | Reached skill level 1 in Throwing
  1106 | D:2      | Reached XP level 4. HP: 41/44 MP: 3/3
  1722 | D:3      | Learned a level 1 spell: Apportation
  1724 | D:3      | Learned a level 1 spell: Animate Skeleton
  1726 | D:3      | Learned a level 1 spell: Corona
  1839 | D:3      | Found a shadowy altar of Dithmenos.
  1983 | D:4      | Reached XP level 5. HP: 51/53 MP: 4/4
  2344 | D:4      | Noticed Duvessa
  2345 | D:4      | Noticed Dowan
  2374 | D:4      | Killed Duvessa
  2375 | D:4      | Reached skill level 5 in Unarmed Combat
  2375 | D:4      | Reached XP level 6. HP: 39/61 MP: 5/5
  2378 | D:4      | Killed Dowan
  2513 | D:4      | Found Igukergh's Assorted Antiques.
  2537 | D:4      | Bought an embroidered robe for 77 gold pieces
  3060 | D:5      | Entered Level 5 of the Dungeon
  3090 | D:5      | Reached XP level 7. HP: 65/67 MP: 6/6
  3674 | D:6      | Reached XP level 8. HP: 72/78 MP: 7/7
  3709 | D:6      | Found a sparkling altar of Nemelex Xobeh.
  3709 | D:6      | Found a burning altar of Makhleb.
  4756 | D:7      | Reached skill level 5 in Fighting
  4756 | D:7      | Reached skill level 5 in Dodging
  4756 | D:7      | Reached XP level 9. HP: 81/88 MP: 8/8
  4781 | D:7      | Found a staircase to the Ecumenical Temple.
  4795 | Temple   | Entered the Ecumenical Temple
  4955 | Temple   | Became a worshipper of Ru the Awakened
  4970 | Temple   | Gained mutation: You are hated by all. [Ru sacrifice]
  4970 | Temple   | Reached * piety under Ru
  5109 | D:7      | Found a shimmering blue altar of Sif Muna.
  5403 | D:7      | Noticed Maggie
  5417 | D:7      | Killed Maggie
  5591 | D:7      | Gained mutation: You evolve. [potion of mutation]
  5591 | D:7      | Gained mutation: Your flesh is cold resistant. (rC+)
                  | [potion of mutation]
  5768 | D:8      | Reached skill level 1 in Maces & Flails
  5901 | D:8      | Found Laul's General Store.
  5969 | D:8      | Reached skill level 5 in Throwing
  6368 | D:8      | Gained mutation: You can translocate small distances at
                  | will. [evolution]
  7004 | D:9      | Noticed a troll
  7016 | D:9      | Killed a troll
  7186 | D:9      | Gained mutation: You cannot be stealthy. [Ru sacrifice]
  7186 | D:9      | Reached ** piety under Ru
  7307 | D:9      | Found Qalypn's Jewellery Boutique.
  7315 | D:9      | Bought an uncursed ring of poison resistance for 260 gold
                  | pieces
  7316 | D:9      | Noticed a two-headed ogre
  7338 | D:9      | Killed a two-headed ogre
  7339 | D:9      | Reached XP level 10. HP: 90/98 MP: 9/9
  7445 | D:9      | Noticed Pikel
  7453 | D:9      | Killed Pikel
  7454 | D:9      | Reached skill level 5 in Maces & Flails
  7628 | D:10     | Entered Level 10 of the Dungeon
  7672 | D:10     | Reached skill level 1 in Armour
  7821 | D:10     | Found a staircase to the Orcish Mines.
  8259 | D:10     | Noticed Harold
  8274 | D:10     | Killed Harold
  8275 | D:10     | Reached XP level 11. HP: 63/107 MP: 10/10
  8730 | D:10     | Gained mutation: You cannot study or cast Air magic. [Ru
                  | sacrifice]
  8730 | D:10     | Gained mutation: You cannot study or cast Transmutations
                  | magic. [Ru sacrifice]
  8730 | D:10     | Gained mutation: You cannot study or cast Necromancy magic.
                  | [Ru sacrifice]
  8730 | D:10     | Reached *** piety under Ru
  8923 | D:11     | Noticed a two-headed ogre
  8934 | D:11     | Killed a two-headed ogre
  8994 | D:11     | Found the +9 scales of the Dragon King {rPois rF+ rC+
                  | Will+}
  9303 | D:11     | Reached skill level 5 in Armour
  9306 | D:11     | Noticed a two-headed ogre
  9360 | Orc:1    | Entered Level 1 of the Orcish Mines
  9432 | Orc:1    | Noticed a two-headed ogre
  9451 | Orc:1    | Killed a two-headed ogre
  9518 | Orc:1    | Found Zair's Assorted Antiques.
  9526 | Orc:1    | Noticed an orc knight
 10072 | Orc:2    | Entered Level 2 of the Orcish Mines
 10225 | Orc:1    | Gained mutation: Your flesh is very cold resistant. (rC++)
                  | [evolution]
 10257 | Orc:2    | Noticed an orc sorcerer
 10348 | Orc:2    | Noticed an orc high priest
 10348 | Orc:2    | Noticed an orc high priest
 10355 | Orc:1    | Noticed a sixfirhy
 10358 | Orc:1    | Paralysed by an orc sorcerer for 3 turns
 10360 | Orc:1    | Noticed a sun demon
 10362 | Orc:1    | HP: 3/109 [sixfirhy[an orc sorcerer] (12)]
 10363 | Orc:1    | Killed an orc sorcerer
 10367 | Orc:1    | HP: 5/109 [poisoned by a red devil]
 10601 | D:11     | Noticed a boulder beetle
 10691 | D:11     | Killed a two-headed ogre
 10841 | D:11     | Killed an unseen horror
 10861 | D:11     | Found a staircase to the Lair.
 10881 | Lair:1   | Entered Level 1 of the Lair of Beasts
 11093 | Lair:1   | Noticed a six-headed hydra
 11113 | Lair:1   | Killed a six-headed hydra
 11114 | Lair:1   | Reached XP level 12. HP: 31/119 MP: 11/11
 11269 | Lair:1   | Gained mutation: You are somewhat inexperienced. (-2 XL)
                  | [Ru sacrifice]
 11269 | Lair:1   | Reached XP level 11. HP: 109/109 MP: 10/10
 11269 | Lair:1   | Reached XP level 10. HP: 103/103 MP: 9/9
 11269 | Lair:1   | Reached **** piety under Ru
 11269 | Lair:1   | Reached ***** piety under Ru
 11469 | Lair:1   | Lost mutation: You can translocate small distances at will.
                  | [potion of mutation]
 11469 | Lair:1   | Lost mutation: You evolve. [potion of mutation]
 11469 | Lair:1   | Gained mutation: You have an increased reservoir of magic.
                  | (+10% MP) [potion of mutation]
 11469 | Lair:1   | Gained mutation: Your spells are a little harder to cast,
                  | but a little more powerful. [potion of mutation]
 11634 | Lair:1   | Found a sparkling altar of Nemelex Xobeh.
 11634 | Lair:1   | Noticed an oklob plant
 11996 | Lair:1   | Noticed a five-headed hydra
 12004 | Lair:1   | Killed a five-headed hydra
 12005 | Lair:1   | Reached XP level 11. HP: 93/111 MP: 5/11
 12005 | Lair:1   | Noticed an eight-headed hydra
 12029 | Lair:1   | Killed an eight-headed hydra
 12727 | Lair:2   | Noticed a five-headed hydra
 12729 | Lair:2   | Noticed a four-headed hydra
 12744 | Lair:2   | Killed a five-headed hydra
 12754 | Lair:2   | Killed a four-headed hydra
 12838 | Lair:2   | Noticed an orb spider
 13030 | Lair:2   | Found a hole to the Spider Nest.
 13044 | Lair:2   | Killed an orb spider
 14109 | Lair:3   | Reached XP level 12. HP: 51/121 MP: 12/12
 15040 | Lair:3   | Found a staircase to the Shoals.
 15531 | Lair:4   | Got a jewelled cloak
 15552 | Lair:4   | Identified the +1 cloak "Seihomes" {Int+2} (You found it on
                  | level 4 of the Lair of Beasts)
 15715 | Lair:4   | Noticed Nergalle
 15740 | Lair:4   | Killed Nergalle
 15859 | Lair:4   | Noticed a five-headed hydra
 15871 | Lair:4   | Killed a five-headed hydra
 15916 | Lair:4   | Noticed a seven-headed hydra
 15924 | Lair:4   | Killed a seven-headed hydra
 16111 | Lair:4   | Noticed a six-headed hydra
 16113 | Lair:4   | Noticed a death yak
 16114 | Lair:4   | Noticed a death yak
 16149 | Lair:4   | Killed a death yak
 16157 | Lair:4   | Noticed a catoblepas
 16158 | Lair:4   | Killed a six-headed hydra
 16159 | Lair:4   | Reached XP level 13. HP: 32/131 MP: 13/13
 17429 | D:11     | Got a masterwork hand axe
 17468 | D:11     | Found a shimmering blue altar of Sif Muna.
 18884 | D:13     | Reached skill level 10 in Throwing
 19385 | D:14     | Found Retoas's Jewellery Emporium.
 19400 | D:14     | Bought the amulet of Apimotux {Acrobat rPois rC+ Int+2
                  | SInv} for 735 gold pieces
 19737 | D:14     | Reached XP level 14. HP: 88/126 MP: 5/14
 19796 | D:14     | Found a frozen archway.
 19804 | IceCv    | Entered an ice cave
 19808 | IceCv    | Lost mutation: You have an increased reservoir of magic.
                  | (+10% MP) [Ru sacrifice]
 19808 | IceCv    | Gained mutation: Your magical capacity is low. (-10% MP)
                  | [Ru sacrifice]
 19857 | IceCv    | Reached skill level 10 in Fighting
 19876 | IceCv    | Reached skill level 10 in Dodging
 20180 | IceCv    | Noticed a reaper
 20188 | IceCv    | Killed a reaper
 20269 | IceCv    | Got a scorched demon trident
 20367 | D:14     | Identified the +5 hand axe "Monosmas" {vorpal, rC+} (You
                  | found it on level 11 of the Dungeon)
 20383 | D:14     | Identified the +5 demon trident "Doshren" {vamp, Will+}
                  | (You found it in an ice cave)
 20434 | D:14     | Bought the ring of Lanlom {rElec rF+ rN+ Dex+4} for 670
                  | gold pieces
 20569 | D:14     | Found a gate to the Vaults.
 20928 | D:15     | Entered Level 15 of the Dungeon
 21121 | D:15     | Reached skill level 10 in Armour
 21150 | D:15     | Reached skill level 10 in Maces & Flails
 21478 | D:15     | Found Xacrus's Antique Armour Boutique.
 21813 | D:15     | Found a staircase to the Depths.
 21892 | D:15     | Gained mutation: You are weak. (Str -2) [Ru sacrifice]
 21892 | D:15     | Reached ****** piety under Ru
 22477 | Depths:1 | Entered Level 1 of the Depths
 22534 | Depths:1 | Reached XP level 15. HP: 82/143 MP: 4/12
 22646 | Depths:1 | Found Jizuugh's Gadget Boutique.
 23498 | Lair:5   | Found a one-way gate to the infinite horrors of the Abyss.
 23498 | Lair:5   | Found a corrupted altar of Lugonu.
 24802 | Lair:5   | Found the +8 whip "Snakebite" {curare, rPois}
 25147 | Shoals:1 | Entered Level 1 of the Shoals
 25741 | Shoals:2 | Noticed a kraken
 26427 | Shoals:1 | Hit by a javelin thrown by a merfolk javelineer

Illustrated notes

Levels and vault maps discovered:
D:1:      amcnicky_arrival_blooded_trapdoor, layout_loops_ring
D:2:      layout_loops_ring
D:3:      layout_rooms, nicolae_dithmenos_shadow_blocks
D:4:      layout_layer_cave, serial_shops, shop, uniq_duvessa
D:5:      layout_basic
D:6:      layout_rooms, gammafunk_temple_overflow_elements, feat_on_display
D:7:      layout_basic, kennysheep_mini, minmay_temple_entry_glassed_door,
          wad_floor_pattern_untrapped, patterned_corridor, uniq_maggie
D:8:      layout_layer_cave, serial_shops,
          nicolae_shop_temple_entry_statues_fountains, kennysheep_another_room
D:9:      layout_cross, serial_shops, shop, hangedman_decor_push, uniq_pikel
D:10:     layout_long_grid, erik_orc_3, minmay_liquid_box,
          minmay_beelzebubs_servants, uniq_harold
D:11:     layout_gridville, grunt_lair_entry_orc_guard_hut, basic_altar,
          nicolae_straight_to_the_point
D:12:     layout_basic
D:13:     layout_roguey
D:14:     layout_rooms, hangedman_vaults_entry_quadrant_bands,
          portal_ice_cave_entry_imps, serial_shops, shop_fountains
D:15:     gammafunk_depths_entry_grave, layout_basic,
          roderic_lattice_octagonal_star, serial_shops, nicolae_shop_trees
Temple:   dpeg_five_rooms_temple
Lair:1:   layout_regular_city, lemuel_oklob_altar, infiniplex_staircase_pool_2
Lair:2:   layout_regular_city, nicolae_spider_entry_orb_guardian,
          grunt_megastairs_4
Lair:3:   layout_gridlike, elwin_shoals_entry_rooms, grunt_megastairs_3
Lair:4:   beast_lair_carwin_large_2, layout_loops_ring, special_room
          [special_room_bee], uniq_nergalle
Lair:5:   minmay_guarded_unrand_snakebite, layout_regular_city,
          chequers_serial_rivers_micro_c, amcnicky_altar_lugonu_corruption
Shoals:1: layout_shoals, st_sunken_temple
Shoals:2: layout_shoals
Orc:1:    layout_caves, serial_shops, shop
Orc:2:    st_orc_mages, layout_caves, gauntlet_entry_generic
Depths:1: layout_roguey, enter_ziggurat_e, hell_entry, serial_shops,
          nicolae_shop_crystal, serial_sigils_hangedman_snap,
          ebering_dispersal_statue_hall, minmay_misc_feat_pillars, st_stairs_9,
          grunt_decor_fettered, kennysheep_decorative_pillar, horrible_house_mu,
          minmay_shop_grove, uniq_saint_roka

Skill      XL: |  1  2  3  4  5  6  7  8  9 10 11 12 13 14 15 |
---------------+----------------------------------------------+-----
Throwing       | 1 2 3 4 5 8 7 9 10 11 | 11.7
Unarmed Combat | 4 5 6 8 9 |  9.0
Dodging        | 3 4 5 6 8 7 9 10 11 | 11.1
Fighting       | 3 4 5 6 8 7 9 10 11 | 11.1
Maces & Flails | 4 5 7 8 9 10 11 | 11.0
Stealth        | 0 |  0.0
Armour         | 7 8 9 10 | 10.8

Action                   |  1- 3 |  4- 6 |  7- 9 | 10-12 | 13-15 || total
-------------------------+-------+-------+-------+-------+-------++-------
Melee: Unarmed           |   135 |   129 |   279 |   154 |    21 ||   718
       Punch             |       |     4 |    12 |     8 |    14 ||    38
       Dire flail        |       |       |       |  1227 |  1590 ||  2817
       Hand axe          |       |       |       |       |    11 ||    11
       Giant spiked club |       |       |       |       |     3 ||     3
       Whip              |       |       |       |       |   213 ||   213
Throw: Dart              |       |       |     7 |    28 |     2 ||    37
       Boomerang         |       |       |       |    11 |    38 ||    49
       Javelin           |       |       |       |     3 |     3 ||     6
       Large rock        |       |       |       |       |    71 ||    71
Invok: Sacrifice Stealth |       |       |     1 |       |       ||     1
       Sacrifice Love    |       |       |     1 |       |       ||     1
       Power Leap        |       |       |       |     7 |     6 ||    13
       Sacrifice Experie |       |       |       |     1 |       ||     1
       Apocalypse        |       |       |       |     2 |     5 ||     7
       Draw Out Power    |       |       |       |     2 |     1 ||     3
       Sacrifice Arcana  |       |       |       |     1 |       ||     1
       Reject Sacrifices |       |       |       |     1 |       ||     1
       Sacrifice Purity  |       |       |       |       |     1 ||     1
       Sacrifice Essence |       |       |       |       |     1 ||     1
 Abil: Evoke Flight      |       |       |       |       |     1 ||     1
Evoke: Wand              |       |       |     5 |    38 |    10 ||    53
  Use: Scroll            |       |     7 |     2 |    16 |    13 ||    38
       Potion            |       |     1 |     3 |    11 |     6 ||    21
 Stab: Sleeping          |     2 |     1 |     4 |       |       ||     7
       Paralysed         |       |       |     6 |     8 |    33 ||    47
       Invisible         |       |       |       |    14 |    18 ||    32
       Distracted        |       |       |       |     3 |     7 ||    10
       Petrified         |       |       |       |       |     1 ||     1
Armor: Robe              |    43 |    42 |    47 |       |       ||   132
       Acid dragon scale |       |       |    34 |   678 |   699 ||  1411
       Skin              |       |       |       |    55 |     3 ||    58
Dodge: Dodged            |    74 |    93 |   179 |  1040 |  1490 ||  2876

Table legend: (Time is in decaauts)
 A = Elapsed time spent in this place.
 B = Non-inter-level travel time spent in this place.
 C = Inter-level travel time spent in this place.
 D = Time resting spent in this place.
 E = Time spent auto-exploring this place.
 F = Levels seen in this place.
 G = Mean time per level.
                   A        B        C        D        E       F      G
               +--------+--------+--------+--------+--------+-----+--------+
         Total |  26004 |  24599 |   1405 |   2577 |  15072 |  27 |  963.1 |
       Dungeon |  14449 |  13566 |    883 |    629 |   9649 |  15 |  963.3 |
        Temple |    191 |    191 |      0 |      0 |    157 |   1 |  191.0 |
          Lair |   8323 |   7816 |    507 |   1051 |   4413 |   5 | 1664.6 |
        Shoals |   1235 |   1235 |      0 |    345 |    378 |   2 |  617.5 |
  Orcish Mines |   1112 |   1099 |     13 |    551 |    284 |   2 |  556.0 |
        Depths |    165 |    165 |      0 |      0 |     27 |   1 |  165.0 |
      Ice Cave |    527 |    527 |      0 |      0 |    164 |   1 |  527.0 |
               +--------+--------+--------+--------+--------+-----+--------+

Top non-repeatable levels by time:
  Lair:4: 2259 daAuts
  Lair:3: 1935 daAuts
    D:15: 1661 daAuts
  Lair:5: 1566 daAuts
  Lair:1: 1447 daAuts
    D:10: 1396 daAuts
     D:8: 1312 daAuts
     D:7: 1261 daAuts
    D:11: 1134 daAuts
     D:4: 1134 daAuts
  Lair:2: 1113 daAuts
   Orc:1: 1049 daAuts
    D:14: 976 daAuts
    D:13: 961 daAuts
    D:12: 925 daAuts
